| TOP OF THE 1ST |
|
San Francisco Giants batting - Pitching for Miami Marlins : LHP Mark Palomo
|
|
Pitching: LHP Mark Palomo
|
|
|
Batting: RHB Jason May
|
0-0: Ground out 5-3 (Groundball, 5S, EV 68.1 MPH)
|
|
Batting: RHB Nick Rigden
|
0-0: Foul Ball, location: 2F 0-1: Swinging Strike 0-2: Ball 1-2: Ball 2-2: Ball 3-2: Fly out, F8 (Flyball, 89XD, EV 97.5 MPH)
|
|
Batting: RHB Sean Zielinski
|
0-0: Foul Ball, location: 2F 0-1: Fly out, F6 (Popup, 4MD, EV 56.9 MPH)
|
| Top of the 1st over - 0 runs, 0 hits, 0 errors, 0 left on base; San Francisco 0 - Miami 0 |
| BOTTOM OF THE 1ST |
|
Miami Marlins batting - Pitching for San Francisco Giants : RHP Curt Howland
|
|
Pitching: RHP Curt Howland
|
|
|
Batting: RHB Jeff Garofalo
|
0-0: Fly out, F3 (Popup, 3, EV 60.6 MPH)
|
|
Batting: RHB Micah Christopher
|
0-0: Ball 1-0: Ball 2-0: Ball 3-0: Base on Balls
|
|
Batting: LHB Andre Gorter
|
0-0: Called Strike 0-1: Ball 1-1: Ball 2-1: Ball 3-1: Base on Balls Micah Christopher to second
|
|
Batting: RHB Jimmy Groseclose
|
0-0: Ball 1-0: Fly out, F7 (Flyball, 78M, EV 91.9 MPH)
|
|
Batting: RHB Roger Salazar
|
0-0: Ball 1-0: Foul Ball, location: 2F 1-1: Swinging Strike 1-2: Ball 2-2: Ball 3-2: SINGLE (Line Drive, 3D, EV 98.8 MPH) Micah Christopher to third Andre Gorter to second Micah Christopher scores Andre Gorter to third
|
|
Batting: RHB Justin Huff
|
0-0: Ball 1-0: Called Strike 1-1: Ball 2-1: Fielders Choice at 2nd, 6-4 (Groundball, 6, EV 81.3 MPH)
|
| Bottom of the 1st over - 1 run, 1 hit, 0 errors, 2 left on base; San Francisco 0 - Miami 1 |
| TOP OF THE 2ND |
|
San Francisco Giants batting - Pitching for Miami Marlins : LHP Mark Palomo
|
|
Batting: LHB Jack Henningar
|
0-0: Ball 1-0: Ball 2-0: Called Strike 2-1: Ball 3-1: Fly out, F5 (Popup, 25F, EV 83.8 MPH)
|
|
Batting: SHB Ryan Doss
|
0-0: Ball 1-0: Called Strike 1-1: Fly out, F3 (Popup, 23F, EV 83.8 MPH)
|
|
Batting: LHB Willis Robles
|
0-0: Ball 1-0: Called Strike 1-1: Called Strike 1-2: Strikes out swinging
|
| Top of the 2nd over - 0 runs, 0 hits, 0 errors, 0 left on base; San Francisco 0 - Miami 1 |
| BOTTOM OF THE 2ND |
|
Miami Marlins batting - Pitching for San Francisco Giants : RHP Curt Howland
|
|
Batting: RHB Seth Tramontano
|
0-0: Ball 1-0: Foul Ball, location: 2F 1-1: Foul Ball, location: 2F 1-2: Strikes out swinging
|
|
Batting: RHB Tommy Hughes
|
0-0: Ground out 6-3 (Groundball, 6, EV 80.0 MPH)
|
|
Batting: RHB Eric Jordan
|
0-0: Ground out 5-3 (Groundball, 5, EV 83.8 MPH)
|
| Bottom of the 2nd over - 0 runs, 0 hits, 0 errors, 0 left on base; San Francisco 0 - Miami 1 |
| TOP OF THE 3RD |
|
San Francisco Giants batting - Pitching for Miami Marlins : LHP Mark Palomo
|
|
Pitching: RHP Jonah Syndergaard
|
|
|
Batting: RHB Jim Zucco
|
0-0: Called Strike 0-1: Ball 1-1: Called Strike 1-2: Ball 2-2: Foul Ball, location: 2F 2-2: Ball 3-2: Base on Balls
|
|
Batting: RHB Xavier Castellanos
|
0-0: Swinging Strike 0-1: Called Strike 0-2: Strikes out swinging
|
|
Batting: SHB Bill Dooms
|
0-0: Foul Ball, location: 2F 0-1: Called Strike 0-2: Ball 1-2: Strikes out swinging
|
|
Batting: RHB Jason May
|
0-0: Called Strike 0-1: Foul Ball, location: 2F 0-2: Foul Ball, location: 2F 0-2: 2-RUN HOME RUN (Flyball, 89XD, EV 104.4 MPH), Distance : 407 ft
|
|
Batting: RHB Nick Rigden
|
0-0: Foul Ball, location: 2F 0-1: SINGLE (Flyball, 8LS, EV 90.0 MPH)
|
|
Batting: RHB Sean Zielinski
|
0-0: Called Strike 0-1: 2-RUN HOME RUN (Flyball, 7LD, EV 95.6 MPH), Distance : 365 ft
|
|
Batting: LHB Jack Henningar
|
0-0: Ball 1-0: Fly out, F6 (Line Drive, 6, EV 71.3 MPH)
|
| Top of the 3rd over - 4 runs, 3 hits, 0 errors, 0 left on base; San Francisco 4 - Miami 1 |
| BOTTOM OF THE 3RD |
|
Miami Marlins batting - Pitching for San Francisco Giants : RHP Curt Howland
|
|
Batting: RHB Jeff Garofalo
|
0-0: Called Strike 0-1: Ground out 5-3 (Groundball, 5, EV 103.1 MPH)
|
|
Batting: RHB Micah Christopher
|
0-0: Ball 1-0: Ball 2-0: Foul Ball, location: 2F 2-1: Called Strike 2-2: Ball 3-2: Strikes out swinging
|
|
Batting: LHB Andre Gorter
|
0-0: Ball 1-0: Ball 2-0: Foul Ball, location: 2F 2-1: Called Strike 2-2: Fly out, F9 (Flyball, 9S, EV 90.6 MPH)
|
| Bottom of the 3rd over - 0 runs, 0 hits, 0 errors, 0 left on base; San Francisco 4 - Miami 1 |
| TOP OF THE 4TH |
|
San Francisco Giants batting - Pitching for Miami Marlins : RHP Jonah Syndergaard
|
|
Batting: SHB Ryan Doss
|
0-0: Ball 1-0: Ball 2-0: Ball 3-0: Called Strike 3-1: Ground out 4-3 (Groundball, 4, EV 105.6 MPH)
|
|
Batting: LHB Willis Robles
|
0-0: Foul Ball, location: 2F 0-1: Ground out 3-1 (Groundball, 34, EV 90.6 MPH)
|
|
Batting: RHB Jim Zucco
|
0-0: Ball 1-0: Ball 2-0: Called Strike 2-1: Foul Ball, location: 2F 2-2: Strikes out looking
|
| Top of the 4th over - 0 runs, 0 hits, 0 errors, 0 left on base; San Francisco 4 - Miami 1 |
| BOTTOM OF THE 4TH |
|
Miami Marlins batting - Pitching for San Francisco Giants : RHP Curt Howland
|
|
Batting: RHB Jimmy Groseclose
|
0-0: Ball 1-0: Called Strike 1-1: Called Strike 1-2: Ball 2-2: Strikes out looking
|
|
Batting: RHB Roger Salazar
|
0-0: Called Strike 0-1: Ground out 5-3 (Groundball, 56, EV 86.9 MPH)
|
|
Batting: RHB Justin Huff
|
0-0: SOLO HOME RUN (Flyball, 7D, EV 97.5 MPH), Distance : 372 ft
|
|
Batting: RHB Seth Tramontano
|
0-0: Ball 1-0: Ball 2-0: Called Strike 2-1: Swinging Strike 2-2: Ground out 6-3 (Groundball, 6, EV 79.4 MPH)
|
| Bottom of the 4th over - 1 run, 1 hit, 0 errors, 0 left on base; San Francisco 4 - Miami 2 |
| TOP OF THE 5TH |
|
San Francisco Giants batting - Pitching for Miami Marlins : RHP Jonah Syndergaard
|
|
Batting: RHB Xavier Castellanos
|
0-0: Called Strike 0-1: Ground out 6-3 (Groundball, 6, EV 101.9 MPH)
|
|
Batting: SHB Bill Dooms
|
0-0: Ball 1-0: Swinging Strike 1-1: Fly out, F8 (Flyball, 8RXD, EV 92.5 MPH)
|
|
Batting: RHB Jason May
|
0-0: Foul Ball, location: 2F 0-1: SINGLE (Flyball, 4D, EV 95.6 MPH)
|
|
Batting: RHB Nick Rigden
|
0-0: Ball Jason May is caught stealing 2nd base 2-4
|
| Top of the 5th over - 0 runs, 1 hit, 0 errors, 0 left on base; San Francisco 4 - Miami 2 |
| BOTTOM OF THE 5TH |
|
Miami Marlins batting - Pitching for San Francisco Giants : RHP Curt Howland
|
|
Batting: RHB Tommy Hughes
|
0-0: Ground out 4-3 (Groundball, 4M, EV 100.6 MPH)
|
|
Batting: RHB Eric Jordan
|
0-0: Fly out, F4 (Flyball, 34D, EV 83.1 MPH)
|
|
Batting: RHB Jeff Garofalo
|
0-0: Ball 1-0: Fly out, F8 (Flyball, 89D, EV 90.6 MPH)
|
| Bottom of the 5th over - 0 runs, 0 hits, 0 errors, 0 left on base; San Francisco 4 - Miami 2 |
| TOP OF THE 6TH |
|
San Francisco Giants batting - Pitching for Miami Marlins : RHP Jonah Syndergaard
|
|
Batting: RHB Nick Rigden
|
0-0: Ball 1-0: Foul Ball, location: 2F 1-1: Foul Ball, location: 2F 1-2: DOUBLE (Flyball, 8LXD, EV 106.9 MPH)
|
|
Batting: RHB Sean Zielinski
|
0-0: Called Strike 0-1: Ball 1-1: DOUBLE (Line Drive, 5D, EV 96.9 MPH) Nick Rigden scores
|
|
Batting: LHB Jack Henningar
|
0-0: Ball 1-0: Ball 2-0: 2-RUN HOME RUN (Line Drive, 9LD, EV 93.8 MPH), Distance : 367 ft
|
|
Pitching: RHP Julio Espinel
|
|
|
Batting: SHB Ryan Doss
|
0-0: Ball 1-0: Swinging Strike 1-1: Ball 2-1: Foul Ball, location: 2F 2-2: Ball 3-2: Strikes out looking
|
|
Batting: LHB Willis Robles
|
0-0: Foul Ball, location: 2F 0-1: Ball 1-1: Fly out, F8 (Flyball, 8LS, EV 85.6 MPH)
|
|
Batting: RHB Jim Zucco
|
0-0: Foul Ball, location: 2F 0-1: Foul Ball, location: 2F 0-2: Ball 1-2: SINGLE (Groundball, 56D, EV 95.6 MPH)
|
|
Batting: RHB Xavier Castellanos
|
0-0: Ball 1-0: Ball 2-0: Fielders Choice at 2nd, 6-4 (Groundball, 6, EV 86.9 MPH)
|
| Top of the 6th over - 3 runs, 4 hits, 0 errors, 1 left on base; San Francisco 7 - Miami 2 |
| BOTTOM OF THE 6TH |
|
Miami Marlins batting - Pitching for San Francisco Giants : RHP Curt Howland
|
|
Batting: RHB Micah Christopher
|
0-0: Foul Ball, location: 2F 0-1: Ball 1-1: SOLO HOME RUN (Line Drive, 9D, EV 98.8 MPH), Distance : 389 ft
|
|
Batting: LHB Andre Gorter
|
0-0: Called Strike 0-1: Ball 1-1: SINGLE (Groundball, 23, EV 75.0 MPH) (infield hit)
|
|
Batting: RHB Jimmy Groseclose
|
0-0: Ball Andre Gorter steals 2nd base 1-0: Ball 2-0: Foul Ball, location: 2F 2-1: SINGLE (Groundball, 6D, EV 93.8 MPH) Andre Gorter to third Runner from 3rd tries for Home, SAFE, throw by CF to home Jimmy Groseclose to second
|
|
Batting: RHB Roger Salazar
|
0-0: Called Strike 0-1: Ball 1-1: Ground out 4-3 (Groundball, 4, EV 81.9 MPH) Jimmy Groseclose to third
|
|
Batting: RHB Justin Huff
|
0-0: Ball 1-0: Foul Ball, location: 2F 1-1: Ball 2-1: Ball 3-1: Fly out, F7 (Flyball, 7S, EV 97.5 MPH)
|
|
Batting: RHB Seth Tramontano
|
0-0: Called Strike 0-1: Ball 1-1: Swinging Strike 1-2: Strikes out looking
|
| Bottom of the 6th over - 2 runs, 3 hits, 0 errors, 1 left on base; San Francisco 7 - Miami 4 |
| TOP OF THE 7TH |
|
San Francisco Giants batting - Pitching for Miami Marlins : RHP Julio Espinel
|
|
Batting: SHB Bill Dooms
|
0-0: Ball 1-0: Ball 2-0: Swinging Strike 2-1: Foul Ball, location: 2F 2-2: Ball 3-2: Base on Balls
|
|
Batting: RHB Jason May
|
0-0: SINGLE (Groundball, 34D, EV 100.0 MPH) Bill Dooms to second Runner from 2nd tries for 3rd, SAFE, no throw by RF
|
|
Batting: RHB Nick Rigden
|
0-0: Ball Jason May steals 2nd base 1-0: Called Strike 1-1: Fly out, F8 (Flyball, 8RM, EV 83.1 MPH) Runner from 3rd tags up, OUT at HOME! 8-2 Jason May to third
|
|
Batting: RHB Sean Zielinski
|
0-0: Called Strike 0-1: Ball 1-1: Ball 2-1: Ball 3-1: Base on Balls
|
|
Batting: LHB Jack Henningar
|
0-0: Called Strike 0-1: Foul Ball, location: 2F 0-2: Foul Ball, location: 2F 0-2: Ball 1-2: Ball 2-2: Ball 3-2: Base on Balls Sean Zielinski to second
|
|
Batting: SHB Ryan Doss
|
0-0: Foul Ball, location: 2F 0-1: Ground out 4-3 (Groundball, 4, EV 83.1 MPH)
|
| Top of the 7th over - 0 runs, 1 hit, 0 errors, 3 left on base; San Francisco 7 - Miami 4 |
| BOTTOM OF THE 7TH |
|
Miami Marlins batting - Pitching for San Francisco Giants : RHP Curt Howland
|
|
Batting: RHB Tommy Hughes
|
0-0: Ball 1-0: Called Strike 1-1: Foul Ball, location: 2F 1-2: Foul Ball, location: 2F 1-2: SINGLE (Line Drive, 3D, EV 94.4 MPH)
|
|
Batting: RHB Eric Jordan
|
0-0: Ball 1-0: Foul Ball, location: 2F 1-1: Ball 2-1: Swinging Strike 2-2: Grounds into double play, 5-4-3 (Groundball, 5, EV 102.5 MPH)
|
|
Batting: RHB Jeff Garofalo
|
0-0: Ball 1-0: Ball 2-0: Ball 3-0: Called Strike 3-1: Foul Ball, location: 2F 3-2: Ground out 6-3 (Groundball, 6S, EV 65.0 MPH)
|
| Bottom of the 7th over - 0 runs, 1 hit, 0 errors, 0 left on base; San Francisco 7 - Miami 4 |
| TOP OF THE 8TH |
|
San Francisco Giants batting - Pitching for Miami Marlins : RHP Julio Espinel
|
|
Pitching: RHP Brian Glover
|
|
|
Batting: LHB Willis Robles
|
0-0: Ball 1-0: Called Strike 1-1: Ball 2-1: Ball 3-1: Foul Ball, location: 2F 3-2: Base on Balls
|
|
Batting: RHB Jim Zucco
|
0-0: Ball 1-0: Ball 2-0: Foul Ball, location: 2F 2-1: SINGLE (Groundball, 6M, EV 86.9 MPH) (infield hit) Willis Robles to second
|
|
Batting: RHB Xavier Castellanos
|
0-0: Sac Bunt to 13S - play at first, batter OUT! 1-3 Willis Robles to third Jim Zucco to second
|
|
Batting: SHB Bill Dooms
|
0-0: Ball 1-0: SINGLE (Groundball, P, EV 78.8 MPH) (infield hit) Willis Robles scores Jim Zucco to third
|
|
Batting: RHB Jason May
|
0-0: Swinging Strike 0-1: Called Strike 0-2: Ball 1-2: Foul Ball, location: 2F 1-2: Foul Ball, location: 2F 1-2: Ball 2-2: Ball 3-2: Strikes out swinging
|
|
Batting: RHB Nick Rigden
|
0-0: Foul Ball, location: 2F 0-1: Called Strike 0-2: Fly out, F8 (Flyball, 89M, EV 77.5 MPH)
|
| Top of the 8th over - 1 run, 2 hits, 0 errors, 2 left on base; San Francisco 8 - Miami 4 |
| BOTTOM OF THE 8TH |
|
Miami Marlins batting - Pitching for San Francisco Giants : RHP Curt Howland
|
|
Pitching: RHP Micah Teller
|
|
|
Batting: RHB Micah Christopher
|
0-0: Called Strike 0-1: Ball 1-1: SINGLE (Line Drive, 6MD, EV 100.0 MPH)
|
|
Batting: LHB Andre Gorter
|
0-0: Called Strike 0-1: Fly out, F9 (Flyball, 89M, EV 90.6 MPH)
|
|
Pinch Hitting: SHB Matt Altieri
|
0-0: Called Strike 0-1: Ball 1-1: Foul Ball, location: 2F 1-2: Fielders Choice at 2nd, 1-6 (Groundball, 13S, EV 67.5 MPH)
|
|
Batting: RHB Roger Salazar
|
0-0: Ball 1-0: Called Strike 1-1: Ball 2-1: Ball 3-1: Fielders Choice at 2nd, 5-4 (Groundball, 56, EV 86.9 MPH)
|
| Bottom of the 8th over - 0 runs, 1 hit, 0 errors, 1 left on base; San Francisco 8 - Miami 4 |
| TOP OF THE 9TH |
|
San Francisco Giants batting - Pitching for Miami Marlins : RHP Brian Glover
|
|
Pitching: LHP Jordan Hernandez
|
|
|
Now in LF: Matt Altieri
|
|
|
Now in RF: Seth Tramontano
|
|
|
Batting: RHB Sean Zielinski
|
0-0: SINGLE (Line Drive, 4D, EV 97.5 MPH)
|
|
Batting: LHB Jack Henningar
|
0-0: Ball 1-0: Called Strike 1-1: 2-RUN HOME RUN (Flyball, 78XD, EV 102.5 MPH), Distance : 406 ft
|
|
Batting: SHB Ryan Doss
|
0-0: Ball 1-0: Foul Ball, location: 2F 1-1: Ball 2-1: Foul Ball, location: 2F 2-2: SINGLE (Groundball, 6MD, EV 96.3 MPH)
|
|
Batting: LHB Willis Robles
|
0-0: Swinging Strike 0-1: DOUBLE (Flyball, 8RXD, EV 99.4 MPH) Ryan Doss to third
|
|
Batting: RHB Jim Zucco
|
0-0: Called Strike 0-1: Ball 1-1: Ball 2-1: Foul Ball, location: 2F 2-2: Ball 3-2: Strikes out swinging
|
|
Batting: RHB Xavier Castellanos
|
0-0: Foul Ball, location: 2F 0-1: Ball 1-1: SINGLE (Flyball, 4MD, EV 88.8 MPH) Ryan Doss scores Willis Robles to third
|
|
Batting: SHB Bill Dooms
|
0-0: Ball 1-0: Called Strike 1-1: Foul Ball, location: 2F 1-2: Grounds into double play, 6-4-3 (Groundball, 6M, EV 84.4 MPH)
|
| Top of the 9th over - 3 runs, 5 hits, 0 errors, 1 left on base; San Francisco 11 - Miami 4 |
| BOTTOM OF THE 9TH |
|
Miami Marlins batting - Pitching for San Francisco Giants : RHP Micah Teller
|
|
Batting: RHB Justin Huff
|
0-0: Ball 1-0: Ball 2-0: Foul Ball, location: 2F 2-1: Ball 3-1: Base on Balls
|
|
Batting: RHB Seth Tramontano
|
0-0: Fly out, F7 (Flyball, 78M, EV 91.9 MPH)
|
|
Batting: RHB Tommy Hughes
|
0-0: Swinging Strike 0-1: Swinging Strike 0-2: Strikes out swinging
|
|
Batting: RHB Eric Jordan
|
0-0: Ball 1-0: Ball 2-0: Foul Ball, location: 2F 2-1: Called Strike 2-2: Strikes out swinging
|
| Bottom of the 9th over - 0 runs, 0 hits, 0 errors, 1 left on base; San Francisco 11 - Miami 4 |
|